 Dungeon Crawl Stone Soup version 0.22.1-6-g1668fe2c40 (webtiles) character file.

1333 LabCoat the Cleaver (level 8, 68/68 HPs)
             Began as a Hill Orc Fighter on Jan 29, 2019.
             Quit the game on level 6 of the Dungeon on Jan 30, 2019.
             The game lasted 00:28:04 (5930 turns).

LabCoat the Cleaver (Hill Orc Fighter)              Turns: 5930, Time: 00:28:05

Health: 68/68      AC: 13    Str: 23    XL:     8   Next: 61%
Magic:  8/8        EV:  4    Int:  8    God:
Gold:   54         SH: 11    Dex: 12    Spells: 7/7 levels left

rFire    . . .     SeeInvis .   a - +1 war axe
rCold    . . .     Gourm    .   c - +1 shield
rNeg     . . .     Faith    .   n - +0 plate armour
rPois    .         Spirit   .   s - +0 helmet
rElec    .         Reflect  .   (no cloak)
rCorr    .         Harm     .   (no gloves)
MR       +....                  (no boots)
Stlth    ..........             (no amulet)
HPRegen  0.21/turn              e - ring of protection from magic
MPRegen  0.11/turn              m - +4 ring of strength

@: no status effects
A: no striking features
a: no special abilities


You were on level 6 of the Dungeon.
You were near starving.

You visited 1 branch of the dungeon, and saw 6 of its levels.

You collected 264 gold pieces.
You spent 210 gold pieces at shops.

Inventory:

Hand Weapons
 a - a +1 war axe (weapon)
 o - a +0 flail
 q - a +3 mace
Missiles
 g - 35 sling bullets
Armour
 c - a +1 shield (worn)
 n - a +0 plate armour (worn)
 s - a +0 helmet (worn)
Jewellery
 e - a ring of protection from magic (left hand)
 m - a +4 ring of strength (right hand)
Wands
 t - a wand of paralysis (10)
 u - a wand of digging (7)
 v - a wand of random effects (28)
 w - a wand of flame (5)
 y - a wand of iceblast (11)
Scrolls
 j - 4 scrolls of remove curse
 p - a scroll of enchant armour
 x - a scroll of teleportation
Potions
 b - a potion of haste
 d - a potion of might
 h - 2 potions of flight
 i - a potion of cancellation {unknown}
 k - 2 potions of agility
 l - 3 potions of heal wounds
 r - a potion of degeneration {unknown}
Comestibles
 f - 10 rations


   Skills:
 + Level 5.3 Fighting
 * Level 10.7 Axes
 + Level 5.2 Armour
 + Level 5.1 Shields
 + Level 0.2 Evocations


You had 7 spell levels left.
You didn't know any spells.
Your spell library contained the following spells:

 Spells                   Type           Power        Failure   Level  Hunger
 Confusing Touch          Hex            #.....       100%        1    ##.....
 Confuse                  Hex            #.......     100%        3    ####...
 Gell's Gravitas          Tloc           #.........   100%        3    ####...
 Petrify                  Tmut/Erth      #.......     100%        4    #####..
 Metabolic Englaciation   Hex/Ice        #.........   100%        5    ######.
 Yara's Violent Unravell  Hex/Tmut       #.........   100%        5    ######.


Dungeon Overview and Level Annotations

Branches:
Dungeon (6/15)
 Temple: D:4-7

Altars:
Dithmenos
Sif Muna
Vehumet
Xom
The Shining One

Shops:
D:5 }


Message History

You see here 12 stones.
You enter the shallow water.
Moving in this stuff is going to be slow.
Partly explored, can't reach some places.
Partly explored, can't reach some places.
(D) Dungeon
Where to? (Enter - D:5, ? - help)
You see here 12 stones.
There is a stone staircase leading down here.
You climb downwards.
You are near starving!
Found 14 gold pieces.
There is a stone staircase leading up here.
Saving game... please wait.
Welcome back, LabCoat the Hill Orc Fighter.
Press ? for a list of commands and other information.
Saving game... please wait.
Welcome back, LabCoat the Hill Orc Fighter.
Press ? for a list of commands and other information.
Are you sure you want to abandon this character and quit the game? (Confirm

..... #.#.#
#...# .... #..#
#..# #..# #@.#
$.............#
........#####.#
#####.### #. #.
#


There were no monsters in sight!

Vanquished Creatures
  Prince Ribbit (D:5)
  A phantom (D:4)
  2 ogres (D:4)
  3 scorpions (D:5)
  A hound (D:5)
  5 orc priests
  5 orc wizards
  Terence (D:3)
  2 worker ants
  A howler monkey zombie (D:5)
  3 gnolls (D:5)
  12 adders
  2 howler monkey skeletons
  An ooze (D:3)
  2 adder skeletons
  3 worms
  3 dart slugs
  3 leopard geckos
  28 orcs
  6 bats
  2 giant cockroaches
  7 goblins
  11 hobgoblins
  23 jackals
  5 quokkas
  2 ball pythons
  3 frilled lizards
  8 kobolds
  A leopard gecko skeleton (D:4)
  A quokka skeleton (D:5)
  5 rats
153 creatures vanquished.

Notes
Turn   | Place    | Note
-------+----------+-------------------------------------------
     0 | D:1      | LabCoat the Hill Orc Fighter began the quest for the Orb.
     0 | D:1      | Reached XP level 1. HP: 19/19 MP: 1/1
    68 | D:1      | Reached XP level 2. HP: 19/27 MP: 2/2
   440 | D:1      | Reached skill level 3 in Axes
   597 | D:1      | Reached XP level 3. HP: 32/33 MP: 3/3
  1198 | D:2      | Reached skill level 4 in Axes
  1202 | D:2      | Reached XP level 4. HP: 40/40 MP: 4/4
  1594 | D:2      | Found a glowing golden altar of the Shining One.
  2096 | D:3      | Reached skill level 5 in Axes
  2096 | D:3      | Reached XP level 5. HP: 16/46 MP: 5/5
  2253 | D:3      | Noticed Terence
  2261 | D:3      | Killed Terence
  2352 | D:3      | Reached skill level 6 in Axes
  2557 | D:3      | Reached XP level 6. HP: 53/53 MP: 6/6
  3848 | D:4      | Reached skill level 7 in Axes
  4024 | D:4      | Noticed a phantom
  4044 | D:4      | Found a shimmering altar of Xom.
  4079 | D:4      | Killed a phantom
  4079 | D:4      | Reached XP level 7. HP: 47/60 MP: 7/7
  4183 | D:4      | Reached skill level 8 in Axes
  4337 | D:4      | Found a deep blue altar of Sif Muna.
  4360 | D:4      | Found a radiant altar of Vehumet.
  4427 | D:4      | Reached skill level 5 in Fighting
  4427 | D:4      | Reached skill level 9 in Axes
  4591 | D:5      | Entered Level 5 of the Dungeon
  4605 | D:5      | Found a shadowy altar of Dithmenos.
  4688 | D:5      | Noticed Prince Ribbit
  4705 | D:5      | Killed Prince Ribbit
  4705 | D:5      | Reached skill level 5 in Shields
  4705 | D:5      | Reached XP level 8. HP: 52/68 MP: 8/8
  4708 | D:5      | Reached skill level 10 in Axes
  4940 | D:5      | Reached skill level 5 in Armour
  5068 | D:5      | Found Ysug's Gadget Emporium.
  5071 | D:5      | Bought a wand of iceblast (11) for 210 gold pieces
  5930 | D:6      | Quit the game

Skill      XL: |  1  2  3  4  5  6  7  8 |
---------------+-------------------------+-----
Fighting       | 4 5 |  5.3
Axes           | 3 4 5 6 7 9 10 | 10.7
Shields        | 4 5 |  5.1
Armour         | 4 5 |  5.2
Evocations     | |  0.2

Action                   |  1- 3 |  4- 6 |  7- 9 || total
-------------------------+-------+-------+-------++-------
Melee: War axe           |   142 |   287 |   109 ||   538
Evoke: Wand              |       |       |     2 ||     2
  Use: Scroll            |     1 |     9 |     5 ||    15
       Potion            |       |     1 |     1 ||     2
  Eat: Ration            |     1 |       |       ||     1
       Chunk             |       |     7 |     5 ||    12
Armor: Scale mail        |    87 |       |       ||    87
       Plate armour      |    11 |   137 |    43 ||   191
Dodge: Dodged            |    37 |    42 |    16 ||    95
Block: Shield            |    80 |   149 |    52 ||   281
